 Dungeon Crawl Stone Soup version 0.19.5 (webtiles) character file.

3433 equalderp2856 the Gouger (level 9, -11/58 HPs)
             Began as a Felid Fighter on Mar 19, 2017.
             Mangled by Snorg (26 damage)
             ... on level 11 of the Dungeon.
             The game lasted 00:50:16 (21143 turns).

equalderp2856 the Gouger (Felid Fighter)           Turns: 21143, Time: 00:50:17

Health: -11/58     AC:  2    Str: 18    XL:     9   Next: 77%
Magic:  22/22      EV: 25    Int: 11    God:
Gold:   796        SH:  0    Dex: 21    Spells: 6 memorised, 12 levels left
                                        Lives:  0   Deaths: 2

rFire  + . .     SeeInvis +       - Unarmed
rCold  x . .     Gourm    .     (armour unavailable)
rNeg   . . .     Faith    .     (shield unavailable)
rPois  .         Spirit   .     (helmet unavailable)
rElec  .         Reflect  .     (cloak unavailable)
rCorr  .         Harm     .     (gloves unavailable)
MR     +....                    (boots unavailable)
Stlth  ..........               B - amulet of magic regeneration
                                u - ring of fire
                                e - +4 ring of dexterity

@: berserking, repel missiles, very quick
A: no armour, no weapons or thrown items, stealth, claws 1, fangs 3, see
invisible, carnivore 3, speed 1, shaggy fur 2, slow metabolism 1, sharp paws
a: no special abilities


You were on level 11 of the Dungeon.
You were very full.

You visited 1 branch of the dungeon, and saw 11 of its levels.

You collected 796 gold pieces.

Inventory:

Missiles
 m - 104 arrows
Jewellery
 e - a +4 ring of dexterity (left paw)
 u - a ring of fire (right paw)
 A - an uncursed ring of teleportation
 B - an amulet of magic regeneration (around neck)
 E - an uncursed amulet of rage {unknown}
 F - a +2 ring of dexterity
Wands
 h - a wand of iceblast (10/15)
 z - a wand of lightning (6/15)
 I - a wand of digging (18/24)
Scrolls
 d - 2 scrolls of amnesia
 g - 8 scrolls of identify
 i - a scroll of remove curse
 k - 2 scrolls of teleportation {unknown}
 l - 2 scrolls of enchant weapon {unknown}
 n - 4 scrolls of noise {unknown}
 q - 5 scrolls of recharging {unknown}
 v - 2 scrolls of magic mapping {unknown}
 w - 2 scrolls of blinking {unknown}
 y - 2 scrolls of enchant armour {unknown}
Potions
 a - a potion of might
 f - a potion of degeneration {unknown}
 j - a potion of cancellation {unknown}
 p - a potion of flight {unknown}
 r - a potion of invisibility {unknown}
 s - 2 potions of brilliance {unknown}
 t - 2 potions of berserk rage
 x - 2 potions of curing
 C - 2 potions of mutation {unknown}
 G - a potion of lignification {unknown}
Books
 o - a book of Minor Magic

   Spells                             Type                      Level
   a - Magic Dart                     Conjuration                  1
   b - Blink                          Translocation                2
   c - Call Imp                       Summoning                    2
   d - Repel Missiles                 Charms/Air                   2
   e - Slow                           Hexes                        2
   f - Conjure Flame                  Conjuration/Fire             3
   g - Mephitic Cloud                 Conjuration/Poison/Air       3
Comestibles
 b - 4 meat rations
 c - 11 slices of pizza
 D - a beef jerky
 H - 3 bread rations


   Skills:
 + Level 4.3 Fighting
 + Level 8.4 Dodging
 + Level 7.6 Stealth
 + Level 11.0 Unarmed Combat
 + Level 8.2 Spellcasting
 + Level 1.7 Conjurations
 + Level 5.3 Hexes
 + Level 0.5 Charms
 + Level 0.1 Fire Magic
 + Level 0.1 Air Magic


You had 12 spell levels left.
You knew the following spells:

 Your Spells              Type           Power        Failure   Level  Hunger
a - Magic Dart            Conj           #...         10%         1    None
b - Blink                 Tloc           N/A          24%         2    #......
c - Call Imp              Summ           #.......     24%         2    #......
d - Repel Missiles        Chrm/Air       #.....       24%         2    #......
e - Slow                  Hex            ###.....     2%          2    #......
f - Conjure Flame         Conj/Fire      #.......     30%         3    ##.....


Dungeon Overview and Level Annotations

Branches:
Dungeon (11/15)            Temple (0/1) D:4            Lair (0/6) D:10
    Orc (0/2) D:10

Altars:
Dithmenos
Fedhas
Gozag
Hepliaklqana
Kikubaaqudgha
Makhleb
Qazlal
Ru
Sif Muna
Trog
Uskayaw
Zin

Annotations:
D:4 Sigmund
D:5 Edmund
D:10 Hook's ghost, novice DsGl
D:11 Snorg


Innate Abilities, Weirdness & Mutations

You cannot wear armour.
You are incapable of wielding weapons or throwing items.
Your paws allow you to move quietly. (Stealth)
You have sharp claws.
You have razor-sharp teeth.
You have supernaturally acute eyesight. (SInv)
You are carnivorous and can eat meat at any time.
You cover ground quickly.
You are covered in thick fur. (AC +2)
You have a slow metabolism.
Your sharp claws are effective at attacking unaware monsters.


Message History

Snorg completely misses you. Snorg misses you. Snorg completely misses you.
A red film seems to cover your vision as you go berserk!
You feel yourself moving faster!
You feel mighty!
Snorg goes berserk!
You claw Snorg!
Snorg is severely wounded.
Unknown command.
You mangle Snorg!!
Snorg is almost dead.
Snorg bites you!!
Ouch! That really hurt!
Snorg completely misses you. x2
You claw Snorg!
Snorg is almost dead.
Snorg bites you!
* * * LOW HITPOINT WARNING * * *
Snorg misses you. Snorg completely misses you.
You closely miss Snorg. Your claw misses Snorg.
Snorg is almost dead.
Snorg bites you!!
You die...

###
#.#
..#
#.#
#.#
#.#
#T#
#@#
#.###
#..<#
#####


You could see Snorg (berserk).

Vanquished Creatures
  Urug (D:10)
  A troll (D:10)
  A hornet (D:9)
  2 hippogriffs (D:10)
  A human (D:10)
  6 yaks
  A hungry ghost (D:7)
  2 water moccasins
  4 orc warriors
  A sky beast (D:6)
  3 phantoms
  A black bear (D:8)
  7 ogres
  A centaur (D:10)
  2 big kobolds
  A crocodile (D:8)
  Blork the orc (D:4)
  3 bullfrogs
  3 scorpions
  6 killer bees
  5 howler monkeys
  2 bullfrog zombies
  A crimson imp (D:9)
  A centaur zombie (D:7)
  2 jellies
  A bullfrog skeleton (D:5)
  A centaur skeleton (D:7)
  4 orc priests
  6 hounds
  15 orc wizards
  5 iguanas
  6 worker ants
  4 hound skeletons
  2 worker ant zombies
  10 gnolls
  14 adders
  7 river rats (D:7)
  4 shadow imps
  4 oozes
  3 adder skeletons
  4 worms
  A dart slug (D:2)
  6 leopard geckos
  53 orcs
  2 ball pythons
  8 giant cockroaches
  6 goblins
  3 hobgoblins
  8 jackals
  18 kobolds
  9 quokkas
  6 bats
  7 frilled lizards
  A jackal skeleton (D:5)
  26 rats
303 creatures vanquished.

Vanquished Creatures (others)
  5 plants (D:10)
5 creatures vanquished.

Grand Total: 308 creatures vanquished

Notes
Turn   | Place    | Note
-------+----------+-------------------------------------------
     0 | D:1      | equalderp2856 the Felid Fighter began the quest for the Orb.
     0 | D:1      | Reached XP level 1. HP: 10/10 MP: 2/2
   350 | D:1      | Reached XP level 2. HP: 14/14 MP: 3/3
  1035 | D:2      | Found a faded altar of an unknown god.
  1216 | D:2      | Reached XP level 3. HP: 7/17 MP: 4/4
  1669 | D:2      | Reached skill level 5 in Unarmed Combat
  1829 | D:2      | Reached XP level 4. HP: 21/21 MP: 5/5
  2139 | D:3      | Learned a level 1 spell: Magic Dart
  2142 | D:3      | Learned a level 2 spell: Blink
  2161 | D:3      | Reached skill level 1 in Stealth
  2173 | D:3      | Reached skill level 5 in Dodging
  2482 | D:3      | Found a hazy altar of Hepliaklqana.
  2808 | D:3      | Reached XP level 5. HP: 20/24 MP: 6/6
  3668 | D:4      | Noticed Blork the orc
  4078 | D:4      | Noticed Edmund
  4097 | D:4      | Found a staircase to the Ecumenical Temple.
  4523 | D:4      | Gained mutation: You are covered in thick fur. (AC +2) [Felid growth]
  4523 | D:4      | Reached XP level 6. HP: 21/28 MP: 7/7
  5205 | D:4      | Reached skill level 6 in Unarmed Combat
  5607 | D:5      | Entered Level 5 of the Dungeon
  5852 | D:6      | Found a stormy altar of Qazlal.
  5888 | D:6      | Noticed an orc warrior
  5889 | D:6      | Noticed a sky beast
  6721 | D:5      | Reached skill level 1 in Spellcasting
  6721 | D:5      | Reached XP level 7. HP: 13/31 MP: 8/10
  6989 | D:4      | Noticed Sigmund
  7395 | D:4      | Killed Blork the orc
  9498 | D:6      | Found a glowing silver altar of Zin.
  9499 | D:6      | Found an opulent altar of Gozag.
  9500 | D:6      | Found a deep blue altar of Sif Muna.
  9515 | D:6      | Found a blossoming altar of Fedhas.
  9518 | D:6      | Found a sacrificial altar of Ru.
  9518 | D:6      | Found a bloodstained altar of Trog.
  9744 | D:5      | Reached skill level 5 in Spellcasting
  9744 | D:5      | Reached XP level 8. HP: 33/34 MP: 10/16
 11615 | D:4      | Learned a level 2 spell: Call Imp
 11618 | D:4      | Learned a level 2 spell: Repel Missiles
 11621 | D:4      | Learned a level 2 spell: Slow
 11625 | D:4      | Learned a level 3 spell: Conjure Flame
 12021 | D:5      | You fall through a shaft!
 12021 | D:6      | Found a hide-covered altar of Uskayaw.
 13092 | D:7      | Found a shadowy altar of Dithmenos.
 13103 | D:7      | Reached skill level 7 in Unarmed Combat
 13999 | D:7      | Reached skill level 5 in Stealth
 13999 | D:7      | Reached XP level 9. HP: 35/39 MP: 20/20
 14092 | D:7      | Reached skill level 8 in Unarmed Combat
 14170 | D:7      | Found a burning altar of Makhleb.
 14555 | D:7      | Reached skill level 1 in Conjurations
 15477 | D:7      | Reached skill level 1 in Hexes
 16293 | D:8      | Reached skill level 9 in Unarmed Combat
 16441 | D:8      | Found an ancient bone altar of Kikubaaqudgha.
 18148 | D:9      | Reached XP level 10. HP: 42/42 MP: 22/22
 18213 | D:10     | Entered Level 10 of the Dungeon
 18280 | D:10     | Noticed Urug
 18287 | D:10     | Killed Urug
 18287 | D:10     | Reached skill level 10 in Unarmed Combat
 18336 | D:10     | Noticed Hook's ghost (novice DsGl)
 18693 | D:10     | Noticed a hill giant
 18885 | D:9      | Paralysed by a hornet for 1 turns
 18886 | D:9      | Mangled by a hornet
 18887 | D:9      | Reached XP level 9. HP: -9/39 MP: 19/21
 18923 | D:9      | HP: 1/39 [hornet (8)]
 18923 | D:9      | Paralysed by a hornet for 2 turns
 18924 | D:9      | Mangled by a hornet
 18925 | D:9      | Reached XP level 8. HP: -9/36 MP: 20/20
 18944 | D:9      | Killed a hornet
 19028 | D:10     | Found a staircase to the Lair.
 19364 | D:10     | Found a staircase to the Orcish Mines.
 19879 | D:10     | Reached XP level 9. HP: 39/39 MP: 21/21
 20193 | D:10     | Noticed a hill giant
 20336 | D:10     | Noticed a troll
 20341 | D:10     | Killed a troll
 20341 | D:10     | Reached skill level 5 in Hexes
 20838 | D:10     | Reached skill level 11 in Unarmed Combat
 21134 | D:11     | Noticed Snorg
 21143 | D:11     | Mangled by Snorg

Skill      XL: |  1  2  3  4  5  6  7  8  9 10 |
---------------+-------------------------------+-----
Unarmed Combat | 5 6 7 11 10 | 11.0
Stealth        | 2 3 4 7 6 |  7.6
Dodging        | 5 6 8 7 |  8.4
Spellcasting   | 1 5 6 8 |  8.2
Conjurations   | 1 |  1.7
Fighting       | 4 |  4.3
Hexes          | 5 4 |  5.3
Charms         | |  0.5
Fire Magic     | |  0.1
Air Magic      | |  0.1

Action                   |  1- 3 |  4- 6 |  7- 9 | 10-12 || total
-------------------------+-------+-------+-------+-------++-------
Melee: Unarmed           |    85 |   193 |   793 |    43 ||  1114
       Bite              |     5 |    27 |   128 |     7 ||   167
       Punch             |     1 |     5 |    40 |     1 ||    47
 Cast: Magic Dart        |       |     7 |    69 |     1 ||    77
       Blink             |       |     1 |       |       ||     1
       Slow              |       |       |    30 |     6 ||    36
       Conjure Flame     |       |       |     2 |     1 ||     3
       Repel Missiles    |       |       |       |     2 ||     2
  Use: Scroll            |       |       |     5 |       ||     5
       Potion            |       |       |     4 |     2 ||     6
 Stab: Sleeping          |     2 |     8 |    17 |     4 ||    31
       Distracted        |       |     2 |     2 |       ||     4
  Eat: Chunk             |     3 |     8 |    36 |     4 ||    51
       Royal jelly       |       |     1 |       |       ||     1
       Pizza             |       |       |     1 |       ||     1
Armor: Skin              |     3 |     9 |    25 |     4 ||    41
Dodge: Dodged            |    72 |   138 |   582 |    46 ||   838
       Deflected         |       |       |       |     2 ||     2
